 Dungeon Crawl Stone Soup version 0.26-a0-667-g92642533e4 (webtiles) character file.

Game seed: 6514968928714824306

311 DoubleLucky the Insei (level 6, -7/42 HPs)
             Began as an Octopode Transmuter on Oct 16, 2020.
             Mangled by a wight
             ... wielding a +3 scimitar
              (13 damage)
             ... on level 5 of the Dungeon.
             The game lasted 00:22:58 (4779 turns).

DoubleLucky the Insei (Octopode Transmuter)         Turns: 4779, Time: 00:22:59

Health: -7/42      AC:  1    Str: 12    XL:     6   Next: 42%
Magic:  10/10      EV: 13    Int: 15    God:
Gold:   161        SH:  0    Dex: 12    Spells: 5/11 levels left

rFire    . . .     SeeInvis .     - Unarmed
rCold    . . .     Faith    .   (no shield)
rNeg     . . .     Spirit   .   (helmet restricted)
rPois    .         Reflect  .   (no amulet)
rElec    .         Harm     .   (no ring)
rCorr    .         Rampage  .   (no ring)
MR       .....                  (no ring)
Stlth    ++........             (no ring)
HPRegen  0.14/turn              (no ring)
MPRegen  0.12/turn              (no ring)
                                (no ring)
                                (no ring)

@: lightly drained, invisible
A: almost no armour, stealthy swim, amphibious, 8 rings, constrict 8, camouflage
1, gelatinous body 1
a: no special abilities


You were on level 5 of the Dungeon.
You visited 1 branch of the dungeon, and saw 7 of its levels.

You collected 161 gold pieces.

Inventory:

Hand Weapons
 m - a +0 hunting sling
Missiles
 i - 112 stones (quivered)
Wands
 q - a wand of random effects (18)
Scrolls
 a - 3 scrolls of identify
 b - 2 scrolls of remove curse
 h - a scroll of teleportation
Potions
 c - a potion of stabbing
 d - a potion of flight {unknown}
 e - a potion of curing {unknown}
 f - a potion of haste {unknown}
 g - a potion of magic {unknown}
 j - a potion of cancellation {unknown}
 k - a potion of invisibility
 l - a potion of degeneration {unknown}
 n - 2 potions of heal wounds


   Skills:
 + Level 3.0(2.6) Fighting
 - Level 2.0(1.6) Dodging
 * Level 4.8(4.4) Unarmed Combat
 + Level 3.1(2.7) Spellcasting
 + Level 3.3(2.9) Transmutations


You had 5 spell levels left.
You knew the following spells:

 Your Spells              Type           Power        Failure   Level
a - Beastly Appendage     Tmut           ##....       6%          1
b - Wereblood             Tmut           ##......     10%         2
c - Spider Form           Tmut/Pois      #.........   34%         3

Your spell library contained the following spells:

 Spells                   Type           Power        Failure   Level
 Ice Form                 Ice/Tmut       #.......     75%         4
 Blade Hands              Tmut           ##........   86%         5


Dungeon Overview and Level Annotations

Branches:
Dungeon (7/15)
 Temple: D:4-7

Altars:

Shops:
D:6 [   D:7 :


Innate Abilities, Weirdness & Mutations

You cannot wear most types of armour.
You are very stealthy in the water. (Stealth+)
You are amphibious.
You can wear up to eight rings at the same time.
You can use your tentacles to constrict eight enemies at once.
Your skin changes colour to match your surroundings (Stealth+).
Your rubbery body absorbs attacks. (AC +1, EV +1)


Message History

A gnoll comes into view. It is wielding a +0 whip.
A gnoll comes into view. It is wielding a +0 club.
The gnoll shouts!
You hear a shout!
Found a ring mail.
Press: ? - help, v - describe, . - travel
Here: a wight, wielding a +3 scimitar and wearing a cursed +0 robe The floor.
Unknown command.
Unknown command.
Found 17 sling bullets.
A worker ant zombie comes into view.
The worker ant zombie moves out of view.
The wight hits you with a +3 scimitar!!
* * * LOW HITPOINT WARNING * * *
You feel drained.
* * * LOW HITPOINT WARNING * * *
Okay, then.
You fade into invisibility!
The wight hits you with a +3 scimitar!
You die...

##.####z##.##.
#####.....g.##.g..
#......####.#...!.
#.#...............
......#z.#........z.
###.###.z#.##.......
#######.z..g.[..........
........###g##.####.#.##
###@###.# .# .#.##
###(.z##.# # #
#.Z..g.g.# #.#...####
...##.## ### #.# #.# #.#
#.#


You could see 2 wights, 2 gnolls and a worker ant zombie.

Vanquished Creatures
  A scorpion (D:4)
  An orc priest (D:3)
  2 iguanas (D:6)
  Robin (D:3)
  5 adders
  An ooze (D:1)
  A worm (D:3)
  3 dart slugs
  5 leopard geckos
  16 orcs
  A giant cockroach (D:2)
  15 goblins
  9 hobgoblins
  5 jackals (D:1)
  5 kobolds
  A quokka (D:4)
  3 ball pythons
  8 bats
  5 frilled lizards
  8 rats
96 creatures vanquished.

Notes
Turn   | Place    | Note
-------+----------+-------------------------------------------
     0 | D:1      | DoubleLucky the Octopode Transmuter began the quest for the
                  | Orb.
     0 | D:1      | Reached XP level 1. HP: 13/13 MP: 3/3
   383 | D:1      | Reached XP level 2. HP: 18/18 MP: 3/5
   727 | D:1      | Reached XP level 3. HP: 21/24 MP: 4/6
  1630 | D:2      | Reached XP level 4. HP: 29/29 MP: 4/7
  2567 | D:3      | Learned a level 2 spell: Wereblood
  2571 | D:3      | Learned a level 3 spell: Spider Form
  2767 | D:3      | Reached XP level 5. HP: 35/35 MP: 7/9
  2832 | D:3      | Reached skill level 4 in Unarmed Combat
  3030 | D:3      | Noticed Robin
  3068 | D:3      | Killed Robin
  3937 | D:4      | Reached XP level 6. HP: 16/41 MP: 8/10
  3971 | D:4      | HP: 2/41 [poisoned by a scorpion]
  4280 | D:4      | You fall into a shaft and drop 3 floors!
  4280 | D:7      | Found Sili Sov's Book Emporium.
  4312 | D:6      | Found Vokk's Armour Shop.
  4401 | D:5      | Entered Level 5 of the Dungeon
  4779 | D:5      | Mangled by a wight

Illustrated notes

Levels and vault maps discovered:
D:1:      eino_arrival_water_star, layout_loops_corners
D:2:      layout_basic
D:3:      layout_rooms, uniq_robin
D:4:      layout_rooms, gammafunk_ghost_icy
D:5:      layout_loops_ring, lemuel_round_altar
D:6:      layout_basic, minmay_temple_entry_mist, serial_shops, shop,
          uniq_eustachio
D:7:      layout_rooms, gammafunk_ghost_berserking_beasts, basic_altar,
          serial_shops, shop_scrolls, shop, shop, minmay_misc_feat_four_crosses,
          tgw_trog

Skill      XL: |  1  2  3  4  5  6 |
---------------+-------------------+-----
Fighting       | 2 3 |  3.0
Unarmed Combat | 4 |  4.8
Transmutations | 3 |  3.3
Spellcasting   | 3 |  3.1
Dodging        | |  2.0

Action                   |  1- 3 |  4- 6 || total
-------------------------+-------+-------++-------
Melee: Unarmed           |    57 |   119 ||   176
       Constrict         |    19 |    35 ||    54
       Tentacles         |    14 |    20 ||    34
       Kick              |    11 |    26 ||    37
       Punch             |     1 |     6 ||     7
 Fire: Hunting sling     |       |    26 ||    26
Throw: Stone             |       |    71 ||    71
 Cast: Beastly Appendage |    19 |    31 ||    50
       Wereblood         |       |     2 ||     2
  Use: Scroll            |       |    10 ||    10
       Potion            |       |     1 ||     1
 Stab: Sleeping          |     2 |     3 ||     5
Armor: Skin              |     2 |    11 ||    13
Dodge: Dodged            |    26 |    82 ||   108

Table legend: (Time is in decaauts)
 A = Elapsed time spent in this place.
 B = Non-inter-level travel time spent in this place.
 C = Inter-level travel time spent in this place.
 D = Time resting spent in this place.
 E = Time spent auto-exploring this place.
 F = Levels seen in this place.
 G = Mean time per level.
                   A        B        C        D        E       F      G
               +--------+--------+--------+--------+--------+-----+--------+
         Total |   4776 |   4624 |    152 |   1074 |   2268 |   7 |  682.3 |
       Dungeon |   4776 |   4624 |    152 |   1074 |   2268 |   7 |  682.3 |
               +--------+--------+--------+--------+--------+-----+--------+

Top non-repeatable levels by time:
     D:2: 1290 daAuts
     D:3: 1277 daAuts
     D:1: 1230 daAuts
     D:4: 479 daAuts
     D:6: 416 daAuts
     D:5: 78 daAuts
     D:7: 4 daAuts
